 Dungeon Crawl Stone Soup version 0.30.1-3-gfc49f6343a (webtiles) character file.

Game seed: 5996762073994929687

1083 croobank the Trooper (level 8, -5/55 HPs)
             Began as an Octopode Monk on July 19, 2023.
             Slain by Pikel
             ... wielding a +1 whip of freezing
              (14 damage)
             ... on level 5 of the Dungeon.
             The game lasted 00:13:22 (4525 turns).

croobank the Trooper (Octopode Monk)                Turns: 4525, Time: 00:13:22

Health: -5/55      AC:  5    Str: 10    XL:     8   Next: 30%
Magic:  13/13      EV: 15    Int: 15    God:
Gold:   304        SH:  0    Dex: 14    Spells: 11/13 levels left

rFire   . . .        v - +0 dagger (venom)
rCold   . . .        (no shield)
rNeg    . . .        (helmet restricted)
rPois   +            k - amulet of magic regeneration
rElec   .            m - ring of poison resistance
rCorr   .            w - +4 ring of protection
SInv    .            (no ring)
Will    .....        (no ring)
Stlth   ++           (no ring)
HPRegen 0.29/turn    (no ring)
MPRegen 0.53/turn    (no ring)
                     (no ring)

%: no passive effects
@: no status effects
A: almost no armour, amphibious, 8 rings, camouflage 1, gelatinous body 1,
(nimble swimmer 1), tentacles
a: no special abilities


You were on level 5 of the Dungeon.
You visited 1 branch of the dungeon, and saw 5 of its levels.

You collected 304 gold pieces.

Inventory:

Hand Weapons
 a - a +0 short sword
 d - a +2 shortbow of freezing
 g - a +0 dagger
 u - a +0 dagger of pain
 v - a +0 dagger of venom (weapon)
Missiles
 j - 2 atropa-tipped darts (quivered)
 p - 10 boomerangs
 z - a poisoned dart
Armour
 c - an orb of light
Jewellery
 k - an amulet of magic regeneration (around mantle)
 m - a ring of poison resistance (left tentacle)
 w - a +4 ring of protection (right tentacle)
 x - an amulet of the acrobat
Wands
 b - a wand of iceblast (10)
Scrolls
 e - 5 scrolls of identify {unknown}
 f - 2 scrolls of fog {unknown}
 i - a scroll of noise {unknown}
 n - a scroll of vulnerability {unknown}
 r - a scroll of immolation {unknown}
 t - a scroll of poison {unknown}
 y - a scroll of teleportation {unknown}
Potions
 h - a potion of haste
 l - a potion of curing {unknown}
 o - a potion of flight {unknown}
 q - a potion of lignification {unknown}
 s - a potion of attraction {unknown}


   Skills:
 + Level 5.3 Fighting
 + Level 5.2 Short Blades
 + Level 5.2 Dodging
 + Level 3.3 Spellcasting
 * Level 0.0 Conjurations
 + Level 3.8 Translocations


You had 11 spell levels left.
You knew the following spells:

 Your Spells              Type           Power      Damage    Failure   Level
a - Blink                 Tloc           26%        N/A       6%          2

Your spell library contained the following spells:

 Spells                   Type           Power      Damage    Failure   Level
 Apportation              Tloc           26%        N/A       4%          1
 Lesser Beckoning         Tloc           26%        N/A       6%          2
 Momentum Strike          Conj/Tloc      16%        3d8       13%         2
 Necrotise                Necr           8%         1d4       19%         1
 Summon Small Mammal      Summ           8%         N/A       19%         1
 Volatile Blastmotes      Fire/Tloc      16%        2d11      26%         3
 Sublimation of Blood     Necr           2%         N/A       28%         2
 Wereblood                Tmut           2%         N/A       28%         2
 Dazzling Flash           Conj/Hex       4%         N/A       50%         3
 Iskenderun's Mystic Bla  Conj/Tloc      8%         2d4       65%         4
 Fulminant Prism          Conj/Hex       1%         3d5       88%         4
 Agony                    Necr           2%         N/A       99%         5
 Lee's Rapid Deconstruct  Erth           1%         3d4*      99%         5
 Silence                  Hex/Air        1%         N/A       99%         5
 Summon Hydra             Summ           1%         N/A       100%        7


Dungeon Overview and Level Annotations

Branches:
Dungeon (5/15)
 Temple: D:4-7

Altars:
Gozag
Kikubaaqudgha
Sif Muna
Vehumet

Annotations:
D:4 2 transporters, 1 runed translucent door, Crazy Yiuf
D:5 Pikel, Sigmund


Innate Abilities, Weirdness & Mutations

You cannot wear most types of armour.
You are amphibious.
You can wear up to eight rings at the same time.
Your skin changes colour to match your surroundings (Stealth+).
Your rubbery body absorbs attacks. (AC +1, EV +1)
((You are camouflaged when in or above water. (Stealth+)))
You have tentacles for arms and can constrict up to eight enemies at once.


Message History

Pikel freezes you.
You hit Pikel.
Pikel is lightly wounded.
You constrict Pikel. Pikel barely misses you. The lemure hits you.
You hit Pikel.
Pikel is poisoned.
You squeeze Pikel.
Pikel is lightly wounded.
You constrict Pikel, but do no damage. Pikel hits you but does no damage.
The lemure closely misses you.
You hit Pikel but do no damage.
Pikel looks as sick as possible!
Pikel is lightly wounded.
You constrict Pikel. Pikel barely misses you. The lemure completely misses you.
You hit Pikel.
Pikel looks as sick as possible!
You squeeze Pikel, but do no damage.
Pikel is moderately wounded.
You constrict Pikel. Pikel misses you.
You hit Pikel. Your squeeze misses Pikel.
Pikel is moderately wounded.
You constrict Pikel. Pikel barely misses you. The lemure barely misses you.
Pikel closely misses you.
You hit Pikel but do no damage.
Pikel looks as sick as possible!
Pikel is moderately wounded.
You constrict Pikel, but do no damage.
Pikel hits you with a +1 whip of freezing!
Pikel freezes you. The lemure hits you.
You hit Pikel but do no damage.
Pikel looks as sick as possible!
You squeeze Pikel.
Pikel is moderately wounded.
You constrict Pikel.
Pikel hits you with a +1 whip of freezing!
* * * LOW HITPOINT WARNING * * *
Pikel freezes you.
* * * LOW HITPOINT WARNING * * *
The lemure hits you.
* * * LOW HITPOINT WARNING * * *
You hit Pikel but do no damage.
Pikel looks as sick as possible!
You squeeze Pikel.
Pikel is heavily wounded.
You constrict Pikel, but do no damage.
Pikel hits you with a +1 whip of freezing!
You die...

#......... #.#######. #### #####
#####.#.......
###....####...###.....#.#...#.
#.......#..............#.#####.
#.......#..............#.......
##......................########
...............5..†......#.......
..............##@##......#.######
.........K....##K##......#.# #...
...###........#.5.#......#.# #.##
...##..5..÷..............#.# #.#
...##.....####...........#.# #.#
.....÷.........#.........#.###.#
..####.....#####.........#.....#
.(.)..[..................#######
.((........................


You could see Pikel (berserk, extremely poisoned) and 2 lemures.

Vanquished Creatures
  Grinder (D:5)
  Menkaure (D:5)
  A black bear (D:4)
  A centaur (D:5)
  2 lemures (D:5)
  Blork the orc (D:5)
  A howler monkey (D:5)
  An orc priest (D:5)
  2 hounds
  3 jellies (D:4)
  2 sleepcaps (D:4)
  3 iguanas
  Ijyb (D:5)
  2 orc wizards
  4 adders
  2 gnolls
  An ufetubus (D:5)
  A worm (D:2)
  A dart slug (D:3)
  6 orcs
  10 endoplasms
  6 goblins
  4 hobgoblins
  5 jackals
  2 kobolds (D:1)
  6 quokkas
  5 ball pythons
  2 bats
  2 frilled lizards
  6 rats
85 creatures vanquished.

Notes
Turn   | Place    | Note
-------+----------+-------------------------------------------
     0 | D:1      | croobank the Octopode Monk began the quest for the Orb.
     0 | D:1      | Reached XP level 1. HP: 16/16 MP: 1/1
   129 | D:1      | Reached XP level 2. HP: 15/21 MP: 2/2
   415 | D:1      | Reached XP level 3. HP: 26/26 MP: 3/3
   418 | D:1      | Learned a level 2 spell: Blink
   875 | D:2      | Reached XP level 4. HP: 11/31 MP: 4/4
  1041 | D:2      | Found an ancient bone altar of Kikubaaqudgha.
  1590 | D:2      | Reached skill level 1 in Translocations
  1943 | D:3      | Reached skill level 1 in Spellcasting
  2535 | D:4      | Noticed a black bear
  2540 | D:4      | Killed a black bear
  2541 | D:4      | Reached XP level 5. HP: 27/37 MP: 5/7
  2581 | D:4      | Found a radiant altar of Vehumet.
  2594 | D:4      | Found an opulent altar of Gozag.
  2596 | D:4      | Found a shimmering blue altar of Sif Muna.
  2597 | D:4      | Noticed a water moccasin
  2600 | D:4      | Found a transporter.
  2738 | D:4      | Reached XP level 6. HP: 40/43 MP: 8/8
  3024 | D:4      | Found a transporter.
  3771 | D:4      | Reached XP level 7. HP: 49/49 MP: 10/10
  3842 | D:4      | Found a runed translucent door.
  3843 | D:4      | Noticed Crazy Yiuf
  3879 | D:5      | Entered Level 5 of the Dungeon
  3903 | D:5      | Noticed Grinder
  3926 | D:5      | Killed Grinder
  4021 | D:5      | Noticed Ijyb
  4047 | D:5      | Killed Ijyb
  4056 | D:5      | Identified the +1 cloak of Xiaqig {Dex+3}
  4128 | D:5      | Noticed Blork the orc
  4138 | D:5      | Reached skill level 5 in Fighting
  4148 | D:5      | Killed Blork the orc
  4149 | D:5      | Reached skill level 5 in Short Blades
  4149 | D:5      | Reached skill level 5 in Dodging
  4149 | D:5      | Reached XP level 8. HP: 21/55 MP: 12/12
  4329 | D:5      | Noticed Menkaure
  4340 | D:5      | Killed Menkaure
  4359 | D:5      | Noticed Sigmund
  4500 | D:5      | Noticed Pikel
  4525 | D:5      | Slain by Pikel

Illustrated notes

Levels and vault maps discovered:
D:1:      amcnicky_arrival_blooded_trapdoor, layout_basic, minmay_fountain_box,
          minmay_liquid_box
D:2:      layout_loops_corners, basic_altar, nicolae_elevator_lobby_plus
D:3:      layout_basic, dreamdust_wishing_well, corexii_item_surrounded_by_moat
D:4:      layout_loops_ring, lemuel_crystal_altar,
          gammafunk_temple_overflow_arena, nrook_uturn, uniq_crazy_yiuf_cottage
D:5:      layout_basic, uniq_grinder, uniq_ijyb, uniq_menkaure,
          uniq_blork_the_orc, uniq_sigmund, uniq_pikel

Skill      XL: |  1  2  3  4  5  6  7 |
---------------+----------------------+-----
Translocations | 1 2 3 |  3.8
Spellcasting   | 1 2 3 |  3.3
Dodging        | 4 5 |  5.2
Fighting       | 4 5 |  5.3
Short Blades   | 4 5 |  5.2

Action                     |  1- 3 |  4- 6 |  7- 9 || total
---------------------------+-------+-------+-------++-------
  Melee: Short sword       |    64 |    73 |       ||   137
         Tentacles         |    13 |    31 |    45 ||    89
         Constrict         |    13 |    27 |    16 ||    56
         Dagger            |       |    49 |    99 ||   148
         Punch             |       |       |     2 ||     2
  Throw: Dart              |     6 |     2 |    13 ||    21
   Cast: Blink             |       |     1 |       ||     1
    Use: Potion            |       |       |     2 ||     2
   Stab: Sleeping          |     7 |     8 |       ||    15
         Invisible         |     2 |       |       ||     2
 Armour: Skin              |     5 |     5 |    14 ||    24
  Dodge: Dodged            |    45 |    49 |    78 ||   172
